 Dungeon Crawl Stone Soup version 0.27-a0-1181-g5f64966fcc (webtiles) character file.

Game seed: 15406124175183863788

47 streetpizza the Ducker (level 3, 0/29 HPs)
             Began as a Djinni Warper on May 17, 2021.
             Slain by a bullfrog skeleton (5 damage)
             ... on level 2 of the Dungeon.
             The game lasted 00:04:11 (1832 turns).

streetpizza the Ducker (Djinni Warper)              Turns: 1832, Time: 00:04:12

Health: 0/29       AC:  3    Str: 10    XL:     3   Next: 97%
Gold:   83         EV: 12    Int: 15    God:
                   SH:  0    Dex: 12

rFire    + + .     SeeInvis .   c - +0 dagger (venom)
rCold    x . .     Faith    .   (no shield)
rNeg     . . .     Spirit   .   b - +0 leather armour
rPois    ∞         Reflect  .   (no helmet)
rElec    .         Harm     .   (no cloak)
rCorr    .         Rampage  .   (no gloves)
Will     .....                  (boots unavailable)
Stlth    +.........             (no amulet)
HPRegen  0.09/turn              (no ring)
MPRegen  0.00/turn              (no ring)

@: flying
A: sickness immunity, fire resistance 2, cold vulnerability 1, float, innate
caster, hp casting, extra vitality 1
a: no special abilities


You were on level 2 of the Dungeon.
You visited 1 branch of the dungeon, and saw 2 of its levels.

You collected 83 gold pieces.

Inventory:

Hand Weapons
 a - a +0 falchion
 c - a +0 dagger of venom (weapon)
Missiles
 e - 5 boomerangs of dispersal (quivered)
Armour
 b - a +0 leather armour (worn)
Scrolls
 d - a scroll of blinking
 f - a scroll of holy word {unknown}
 i - a scroll of identify {unknown}
 j - a scroll of noise {unknown}
Potions
 g - a potion of heal wounds {unknown}
 h - a potion of ambrosia {unknown}
 k - a potion of lignification {unknown}


   Skills:
 + Level 2.5 Fighting
 + Level 2.3 Long Blades
 - Level 0.7 Throwing
 - Level 1.0 Armour
 + Level 2.8 Dodging
 + Level 2.7 Spellcasting


You couldn't memorise any spells.
You knew the following spells:

 Your Spells              Type           Power      Damage    Failure   Level
a - Blink                 Tloc           N/A        N/A       14%         2
b - Lesser Beckoning      Tloc           5%         N/A       26%         3
c - Gell's Gravitas       Tloc           5%         N/A       26%         3
d - Teleport Other        Tloc           10%        N/A       26%         3
e - Manifold Assault      Tloc           10%        N/A       94%         5
f - Summon Small Mammal   Summ           40%        N/A       9%          1
Your spell library was empty.

Dungeon Overview and Level Annotations

Branches:
Dungeon (2/15)

Altars:


Innate Abilities, Weirdness & Mutations

You are immune to sickness and miasma.
You are immune to poison.
Your flesh is very heat resistant. (rF++)
You are vulnerable to cold. (rC-)
You float through the air rather than walking.
You learn spells naturally, not from books.
Your magical power is your life essence.
You have superior vitality. (+4 HP)


Message History

The bullfrog skeleton is moderately damaged.
The bullfrog skeleton hits you.
You hit the bullfrog skeleton.
The bullfrog skeleton is moderately damaged.
The bullfrog skeleton hits you.
You hit the bullfrog skeleton.
The bullfrog skeleton is heavily damaged.
The bullfrog skeleton barely misses you. x2
You hit the bullfrog skeleton.
The bullfrog skeleton is heavily damaged.
The bullfrog skeleton hits you.
You hit the bullfrog skeleton but do no damage.
The bullfrog skeleton is heavily damaged.
The bullfrog skeleton hits you but does no damage.
You hit the bullfrog skeleton.
The bullfrog skeleton is heavily damaged.
The bullfrog skeleton hits you.
You hit the bullfrog skeleton.
The bullfrog skeleton is heavily damaged.
The bullfrog skeleton hits you but does no damage.
The bullfrog skeleton hits you but does no damage.
You see here a hobgoblin corpse.
The bullfrog skeleton closely misses you.
The bullfrog skeleton closely misses you.
The bullfrog skeleton misses you. The bullfrog skeleton hits you.
The bullfrog skeleton closely misses you.
The bullfrog skeleton hits you.
The bullfrog skeleton barely misses you.
The bullfrog skeleton hits you but does no damage.
The bullfrog skeleton barely misses you.
The bullfrog skeleton closely misses you.
The bullfrog skeleton hits you. The bullfrog skeleton hits you.
* * * LOW HITPOINT WARNING * * *
The bullfrog skeleton hits you.
* * * LOW HITPOINT WARNING * * *
There is an escape hatch in the ceiling here.
The bullfrog skeleton hits you.
You die...

#.# #.# ######.###########
#......##........#
#......##....(...#
#......##........###
..+................... #.......#
#.#......##........### #.......#
#.#..@Z..##........# #.......#
#.######.##........# #.......#
#.# #.##........# #.......# #.#
#.##........# ........# #.#
###.###########
........###.####......##########
......>>.......+......+.........
....#.#.###.####......# ####<..
# # #.# #.####......##### #.##


You could see a bullfrog skeleton.

Vanquished Creatures
  A hound skeleton (D:2)
  2 dart slugs (D:2)
  5 ball pythons (D:1)
  4 endoplasms
  2 giant cockroaches (D:1)
  4 hobgoblins
  5 kobolds (D:1)
  2 quokkas (D:1)
  4 rats
29 creatures vanquished.

Vanquished Creatures (others)
  4 toadstools (D:1)
4 creatures vanquished.

Grand Total: 33 creatures vanquished

Notes
Turn   | Place    | Note
-------+----------+-------------------------------------------
     0 | D:1      | streetpizza the Djinni Warper began the quest for the Orb.
     0 | D:1      | Reached XP level 1. HP: 18/18 MP: 0/0
   255 | D:1      | Reached XP level 2. HP: 20/23 MP: 0/0
   934 | D:1      | Reached XP level 3. HP: 28/28 MP: 0/0
   934 | D:1      | Learned a level 1 spell: Summon Small Mammal
  1198 | D:1      | Found a faded altar of an unknown god.
  1832 | D:2      | Slain by a bullfrog skeleton

Illustrated notes

Levels and vault maps discovered:
D:1:      ldierk_water_garden, layout_loops_corners,
          chequers_ecumenical_altar_simple_redux, supply_closet_lemuel
D:2:      layout_basic

Skill      XL: |  1 |
---------------+----+-----
Long Blades    | 2 |  2.3
Fighting       | |  2.5
Throwing       | |  0.7
Armour         | |  1.0
Dodging        | |  2.8
Spellcasting   | |  2.7

Action                   || total
-------------------------++-------
Melee: Dagger            ||   101
       Falchion          ||     2
 Stab: Sleeping          ||     1
Armor: Leather armour    ||    19
Dodge: Dodged            ||    57

Table legend: (Time is in decaauts)
 A = Elapsed time spent in this place.
 B = Non-inter-level travel time spent in this place.
 C = Inter-level travel time spent in this place.
 D = Time resting spent in this place.
 E = Time spent auto-exploring this place.
 F = Levels seen in this place.
 G = Mean time per level.
                   A        B        C        D        E       F      G
               +--------+--------+--------+--------+--------+-----+--------+
         Total |   1826 |   1815 |     11 |     11 |   1527 |   2 |  913.0 |
       Dungeon |   1826 |   1815 |     11 |     11 |   1527 |   2 |  913.0 |
               +--------+--------+--------+--------+--------+-----+--------+

Top non-repeatable levels by time:
     D:1: 1317 daAuts
     D:2: 509 daAuts
